[Event "SUNWAY"]
[Date "2016.12.17"]
[Round "2.15"]
[White "Pradeep Kumar R A"]
[Black "Del Rio De Angelis, Salvador G."]
[Result "1/2-1/2"]
[WhiteElo "2330"]
[BlackElo "2530"]
[ECO "A06"]
[WhiteFed "IND"]
[BlackFed "ESP"]
[FCGameId "-766070981"]
[TimeControl "5400+30"]

1. Nf3 d5 2. g3 Nf6 3. Bg2 e6 4. O-O c5 5. c4 d4 6. e3 Nc6 7. exd4 cxd4 8. Re1  Bd6 9. d3 O-O 10. Bg5 h6 11. Bxf6 Qxf6 12. Nbd2 Qd8 13. a3 a5 14. Qc2 Qc7 15. c5  Be7 16. Nc4 Bxc5 17. Nce5 Nxe5 18. Nxe5 Bd6 19. Qxc7 Bxc7 20. Rac1 Bd8 21. Rc4  Bb6 22. Rc2 a4 23. Rec1 Rd8 24. Nc4 Bc7 25. Nd2 Bb6 26. Nc4 Bc7 27. Nd2 Bb6 28.  Nb1 1/2-1/2

[Event "SUNWAY"]
[Date "2016.12.17"]
[Round "2.16"]
[White "Vidal Zamora, Alex"]
[Black "Aroshidze, Levan"]
[Result "1-0"]
[WhiteElo "2309"]
[BlackElo "2517"]
[ECO "D48"]
[WhiteFed "ESP"]
[BlackFed "ESP"]
[FCGameId "1068185702"]
[TimeControl "5400+30"]

1. d4 Nf6 2. c4 e6 3. Nf3 d5 4. Nc3 c6 5. e3 Nbd7 6. Bd3 dxc4 7. Bxc4 b5 8. Bd3 a6 9. a4 b4 10. Ne4 c5 11. Nxf6+ Nxf6 12. b3 cxd4 13. Nxd4 Bb7 14. O-O Qd5 15. Nf3 Rd8 16. Ne1 Ne4 17. Bb2 Nc5 18. Bc2 Qxd1 19. Bxd1 Bd5 20. Rb1 Nxb3 21. Bxb3 Bxb3 22. Bxg7 Ba2 23. Bxf8 Bxb1 24. Bxb4 Bd3 25. Nxd3 Rxd3 26. Rb1 Kd7 27. Be1 Rc8 28. a5 Rd5 29. g3 Rdc5 30. Kf1 Rc1 31. Rb7+ R8c7 32. Rb3 R7c2 33. e4 Ra2 34. Re3 Raa1 35. f4 Rxa5 36. Ke2 Ra2+ 37. Kf3 Rxh2 38. Kg4 h6 39. Bb4 Rc4 40. Bc3 Rxe4 1-0

[Event "SUNWAY"]
[Date "2016.12.17"]
[Round "2.17"]
[White "Lemos, Damian"]
[Black "Domingo Nunez, Alejandro"]
[Result "1/2-1/2"]
[WhiteElo "2516"]
[BlackElo "2317"]
[ECO "E62"]
[WhiteFed "ARG"]
[BlackFed "ESP"]
[FCGameId "1931160558"]
[TimeControl "5400+30"]

1. Nf3 Nf6 2. d4 g6 3. g3 Bg7 4. Bg2 O-O 5. O-O d6 6. c4 Nc6 7. Nc3 Bg4 8. Be3  Qd7 9. Rc1 Bxf3 10. exf3 e5 11. dxe5 Nxe5 12. b3 Rfe8 13. h3 a6 14. f4 Nc6 15.  Nd5 Ne4 16. b4 f5 17. b5 Ne7 18. b6 Nxd5 19. Qxd5+ Qe6 20. bxc7 Qxd5 21. cxd5  Nc3 22. Bf3 Rac8 23. Bb6 Nxa2 24. Rc4 Nc3 25. Kg2 Re7 26. Rc1 Nb5 27. Rb4 Nc3  28. Rc2 Kf7 29. g4 1/2-1/2

[Event "SUNWAY"]
[Date "2016.12.16"]
[Round "1.1"]
[White "Betaneli, Alexander"]
[Black "Kamsky, Gata"]
[Result "1/2-1/2"]
[WhiteElo "2252"]
[BlackElo "2661"]
[ECO "A10"]
[WhiteFed "USA"]
[BlackFed "USA"]
[FCGameId "-1649444367"]
[TimeControl "5400+30"]

1. c4 g6 2. g3 c6 3. Nf3 Bg7 4. Bg2 d5 5. O-O Nf6 6. Qc2 O-O 7. d3 Re8 8. e4 dxe4 9. dxe4 Bg4 10. Bf4 Nfd7 11. Nbd2 a5 12. h3 Be6 13. Ng5 Nc5 14. Nb3 Qd3 15. Qxd3 Nxd3 16. Nxe6 fxe6 17. e5 Nd7 18. Rad1 N7xe5 19. Bxe5 Nxe5 20. Nc5 Nxc4 21. Nxb7 Nxb2 22. Rc1 Bd4 23. Bxc6 Rec8 24. Bd7 Rxc1 25. Bxe6+ Kg7 26. Rxc1 Bxf2+ 27. Kg2 Bd4 28. Rf1 Bf6 29. Nc5 a4 30. Bd5 Ra5 31. Ne6+ Kh6 32. Bf3 Re5 33. Nf4 a3 34. Rc1 g5 35. Ne2 Nd3 36. Rd1 Re3 37. Bg4 Ne5 38. Nd4 Nxg4 39. hxg4 Bxd4 40. Rxd4 Re2+ 41. Kh3 Re3 42. Rd2 Kg6 43. Re2 Rd3 44. Rxe7 h5 45. gxh5+ Kxh5 46. Re4 Rd2 47. g4+ Kg6 48. Re3 Rxa2 49. Rf3 Ra1 50. Kg2 a2 51. Ra3 Kf6 52. Ra5 Ke6 53. Ra4 Kd5 54. Ra8 Kc4 55. Ra7 Kc3 56. Rc7+ Kd3 57. Ra7 Rc1 58. Rxa2 Rc2+ 59. Rxc2 Kxc2 60. Kf2 Kd3 61. Kf3 Kd4 62. Kf2 Ke4 63. Kg3 Ke3 64. Kg2 Kf4 65. Kf2 Kxg4 66. Kg2 Kf4 67. Kf2 g4 68. Kg2 g3 69. Kg1 Kf3 70. Kf1 g2+ 71. Kg1 Kg3 1/2-1/2

[Event "SUNWAY"]
[Date "2016.12.16"]
[Round "1.2"]
[White "Sasikiran, Krishnan"]
[Black "Pratyusha, Bodda"]
[Result "1-0"]
[WhiteElo "2661"]
[BlackElo "2247"]
[ECO "C95"]
[WhiteFed "IND"]
[BlackFed "IND"]
[FCGameId "-619405440"]
[TimeControl "5400+30"]

1. e4 e5 2. Nf3 Nc6 3. Bb5 a6 4. Ba4 Nf6 5. O-O Be7 6. Re1 b5 7. Bb3 d6 8. c3 O-O 9. h3 Nb8 10. d4 Nbd7 11. Nbd2 Bb7 12. Bc2 Re8 13. Nf1 Bf8 14. Ng3 g6 15. b3 Bg7 16. d5 h6 17. Be3 Qe7 18.  Qd2 Qf8 19. c4 Red8 20. Rad1 Kh7 21. a4 bxa4 22. bxa4 a5 23. Rb1 Ba6 24. Qxa5 Bxc4 25. Qc3 Ba6  26. a5 Nc5 27. Bxc5 dxc5 28. Ba4 Ne8 29. Bb5 Qd6 30. Nd2 f5  31. exf5 Qxd5 32. fxg6+ Kh8 33. Nge4 Nd6 34. Bxa6 Rxa6 35. Qxc5 Nxe4 36. Nxe4 Rxg6 37. Qxc7 Ra6 38. Rbd1 Qxd1 39. Rxd1 Rxd1+ 40. Kh2 Ra8 41. Qb6 Rdd8 42. Nd6 Rdb8 43. Nf7+ Kg8 1-0

[Event "SUNWAY"]
[Date "2016.12.16"]
[Round "1.3"]
[White "Sadhwani,Raunak"]
[Black "Ivanisevic, Ivan"]
[Result "0-1"]
[WhiteElo "2246"]
[BlackElo "2648"]
[ECO "B49"]
[WhiteFed "IND"]
[BlackFed "SRB"]
[FCGameId "1315953440"]
[TimeControl "5400+30"]

1. e4 c5 2. Nf3 e6 3. d4 cxd4 4. Nxd4 Nc6 5. Nc3 Qc7 6. Be3 a6 7. Be2 b5 8. Nxc6  Qxc6 9. Bf3 Bb7 10. O-O Qc7 11. Re1 Bd6 12. g3 Ne7 13. Qd2 Be5 14. Rad1 Rd8 15.  Bg2 O-O 16. f4 Bxc3 17. Qxc3 Qxc3 18. bxc3 Bc6 19. Bc5 Rfe8 20. Rd3 Rc8 21. Bb4  f6 22. Red1 Rc7 23. Kf2 Kf7 24. Bd6 Rb7 25. Bf3 Nc8 26. Bc5 Rd8 27. Ke3 Rc7 28.  Bd6 Nxd6 29. Rxd6 Ke7 30. R1d3 Ra7 31. R6d4 Rc8 32. Kd2 a5 33. a3 Rac7 34. h4 e5  35. fxe5 fxe5 36. Rd6 b4 37. axb4 Bb5 38. R6d5 Bxd3 39. Rxe5+ Kd8 40. cxd3 axb4  41. cxb4 Rb8 42. Rg5 g6 43. h5 Rc6 44. e5 Ra6 45. Be4 Rbb6 46. hxg6 hxg6 47. Ke3  Ke7 48. b5 Rxb5 49. Bxg6 Raa5 50. d4 Rb3+ 51. Ke4 Raa3 52. Bf5 Re3+ 53. Kf4 Rf3+  54. Ke4 Rae3+ 55. Kd5 Rxg3 56. Rxg3 Rxg3 57. Ke4 Ra3 58. Kd5 Ra6 59. Bg4 Kd8 60.  Bf5 Kc7 61. Bg4 Ra5+ 62. Ke4 Kc6 63. Bf5 Ra1 64. Bg4 Re1+ 65. Kd3 Rf1 66. Ke4  Rf7 67. Bf5 Rg7 68. Bh3 Rh7 69. Bf5 Rh4+ 70. Ke3 Rh8 71. Ke4 Re8 72. Kd3 Re7 73.  Be4+ Kb5 74. Bf5 Kb4 75. Bg4 Rg7 76. Bf5 Kb3 77. d5 Kb4 78. d6 Kc5 79. e6 dxe6  80. Bxe6 Kxd6 81. Ba2 Ke5 82. Kc2 Kd4 83. Kb2 Rg2+ 84. Ka1 Kc3 85. Bb1 Kb3 86.  Bf5 Rg1+ 87. Bb1 Rg5 88. Ba2+ Ka3 89. Bb1 Rg2 90. Bf5 Ra2+ 91. Kb1 Rf2 92. Bd3  Kb3 93. Kc1 Kc3 94. Bb5 Rf5 95. Be2 Rg5 96. Kb1 Rg1+ 0-1

[Event "SUNWAY"]
[Date "2016.12.16"]
[Round "1.4"]
[White "Granda Zuniga, Julio E"]
[Black "Coll Ortega, Jordi"]
[Result "1-0"]
[WhiteElo "2646"]
[BlackElo "2243"]
[ECO "E92"]
[WhiteFed "PER"]
[BlackFed "ESP"]
[FCGameId "620088707"]
[TimeControl "5400+30"]

1. d4 Nf6 2. c4 g6 3. Nc3 Bg7 4. e4 d6 5. Nf3 O-O 6. Be2 e5 7. d5 a5 8. Bg5 h6 9. Bh4 Na6 10. Nd2 Bd7 11. a3 Qe8 12. b3 Nh7 13. f3 h5 14. Rb1 Bh6 15. O-O Be3+ 16. Kh1 Bc5 17. Qc1 f5 18. exf5 gxf5 19. f4 exf4 20. Rxf4 Qe5 21. Rf1 Qg7 22. Nf3 Rae8 23. Be1 Nf6 24. Bd3 Re3 25. Qc2 Ng4 26. Nb5 f4 27. Bc3 Qe7 28. b4 axb4 29. axb4 Rxd3 30. Qxd3 Bf5 31. Qd1 Nf2+ 32. Rxf2 Bxf2 33. Rb2 Be3 34. Nbd4 Bg4 35. h3 Bd7 36. Re2 Qh7 37. Ne6 Bxe6 38. dxe6 Qe4 39. Ng5 Qf5 40. Qd5 c6 41. Qxf5 Rxf5 42. Ne4 Nc7 43. Nxd6 Rf8 44. e7 Ra8 45. Be5 b5 46. cxb5 cxb5 47. g3 Ne8 48. gxf4 1-0

[Event "SUNWAY"]
[Date "2016.12.16"]
[Round "1.5"]
[White "Kucuksari, Kaan"]
[Black "Romanov, Evgeny"]
[Result "0-1"]
[WhiteElo "2243"]
[BlackElo "2622"]
[ECO "A47"]
[WhiteFed "TUR"]
[BlackFed "RUS"]
[FCGameId "-594720625"]
[TimeControl "5400+30"]

1. d4 Nf6 2. Nf3 b6 3. g3 Bb7 4. Bg2 c5 5. O-O cxd4 6. Nxd4 Bxg2 7. Kxg2 Qc7 8. Nc3 Qb7+ 9. Kg1 d5 10. Nf3 Nbd7 11. Bf4 Rc8 12. Re1 e6 13. Nb5 Ne4 14. Nd2 Nxd2 15. Bxd2 a6 16. Nd4 Bc5 17. Bc3 O-O 18. Nf3 b5 19. Rc1 b4 20. Bd4 Bd6 21. b3 e5 22. Ba1 f6 23. c4 bxc3 24. Bxc3 Ba3 25. Rc2 d4 26. Bb2 Bb4 27. Rf1 Qe4 28. Rxc8 Rxc8 29. a3 Bf8 30. Ne1 Nb6 31. Nd3 Qd5 32. Qb1 Qxb3 33. Bxd4 Qxb1 34. Rxb1 Nc4 35. Bc3 Nxa3 36. Rb3 Nb5 37. Bb2 Rc4 38. f3 Nd4 39. Rb8 Nxe2+ 40. Kf2 Nd4 41. Ba3 Rc2+ 42. Kg1 Ne6 43. f4 exf4 44. Nxf4 Kf7 45. Rb7+ Rc7 0-1

[Event "SUNWAY"]
[Date "2016.12.16"]
[Round "1.6"]
[White "Postny, Evgeny"]
[Black "Gonzalez, Raul Omar"]
[Result "1-0"]
[WhiteElo "2620"]
[BlackElo "2240"]
[ECO "A57"]
[WhiteFed "ISR"]
[BlackFed "ESP"]
[FCGameId "-1678366053"]
[TimeControl "5400+30"]

1. d4 Nf6 2. c4 c5 3. d5 b5 4. cxb5 a6 5. e3 axb5 6. Bxb5 Ba6 7. Bxa6 Nxa6 8. Nc3 g6 9. Nf3 d6 10. O-O Bg7 11. Nd2 O-O 12. Nc4 Qc7 13. Bd2 Rfb8 14. b3 Nb4 15. e4 Nd7 16. a3 Na6 17. Qc2 Rb7 18. Rab1 Nab8 19. a4 Nf8 20. Nb5 Qd8 21. f4 Nbd7 22. Bc3 Nf6 23. Rbd1 Ne8 24. e5 f5 25. Rfe1 Rd7 26. Qe2 Bh6 27. exd6 exd6 28. Ba5 Qh4 29. g3 Qh3 30. Nb6 Rdd8 31. Nxa8 Rxa8 32. Bc3 g5 33. fxg5 Bg7 34. Bxg7 Nxg7 35. Nxd6 Ng6 36. Qg2 Qg4 37. Nc4 f4 38. gxf4 Qf5 39. d6 Nxf4 40. Qxa8+ Kf7 41. Ne5+ Ke6 42. Qc8# 1-0

[Event "SUNWAY"]
[Date "2016.12.16"]
[Round "1.7"]
[White "Domingo Nunez, Ruben"]
[Black "Edouard, Romain"]
[Result "0-1"]
[WhiteElo "2239"]
[BlackElo "2611"]
[ECO "B51"]
[WhiteFed "ESP"]
[BlackFed "FRA"]
[FCGameId "1704815157"]
[TimeControl "5400+30"]

1. e4 c5 2. Nf3 d6 3. Bb5+ Nd7 4. d4 cxd4 5. Qxd4 a6 6. Bxd7+ Qxd7 7. Nc3 e5 8. Qd3 f5 9. Nd2 Nf6 10. f3 b5 11. O-O f4 12. Nd5 Nxd5 13. exd5 Be7 14. Ne4 O-O 15. Bd2 a5 16. b4 a4 17. Be1 Qb7 18. Bf2 Bd7 19.  Rfd1 Rac8 20. Rac1 Rc4 21. c3 Bf5 22. Rd2 Qd7 23. Qe2 Qe8 24. Qd3 g5 25. h3 Qg6 26. Re1 h5 27. Ree2 g4 28. hxg4 hxg4 29. Kf1 Qh7 30. Bg1 Rf7 31. Rd1 Rg7 32. Bf2 gxf3 0-1

[Event "SUNWAY"]
[Date "2016.12.16"]
[Round "1.8"]
[White "Vocaturo, Daniele"]
[Black "Juknis, Paulius"]
[Result "1-0"]
[WhiteElo "2606"]
[BlackElo "2235"]
[ECO "E70"]
[WhiteFed "ITA"]
[BlackFed "LTU"]
[FCGameId "493714017"]
[TimeControl "5400+30"]

1. d4 Nf6 2. c4 g6 3. Nc3 Bg7 4. e4 d6 5. Bd3 O-O 6. Nge2 a6 7. O-O Nbd7 8. Bc2 c5 9. d5 b5 10. cxb5 axb5 11. Nxb5 Ba6 12. Nec3 Qa5 13. a4 Rfb8 14. Bd2 Ne8 15. Bd3 Nc7 16. Rc1 Nxb5 17. Nxb5 Qd8 18. b3 Nb6 19. Be3 Nc8 20. Rb1 Qa5 21. Qc2 Qd8 22. h3 Nb6 23. Rfe1 Bc8 24. Bd2 Bd7 25. Na3 Nc8 26. Nc4 Nb6 27. Ba5 1-0

[Event "SUNWAY"]
[Date "2016.12.16"]
[Round "1.9"]
[White "Damia, Angelo"]
[Black "Zubov, Alexander"]
[Result "0-1"]
[WhiteElo "2233"]
[BlackElo "2606"]
[ECO "B94"]
[WhiteFed "ITA"]
[BlackFed "UKR"]
[FCGameId "-120628934"]
[TimeControl "5400+30"]

1. e4 c5 2. Nf3 d6 3. d4 cxd4 4. Nxd4 Nf6 5. Nc3 a6 6. Bg5 Nbd7 7. f4 Qc7 8. f5  Qb6 9. Qd2 Qxb2 10. Nb3 Nc5 11. Rb1 Qa3 12. Nxc5 Qxc5 13. Be3 Qc6 14. Be2 e6 15.  O-O Be7 16. Bf3 Qc4 17. Be2 Qc6 18. Bf3 Qc7 19. Bb6 Qc4 20. a3 Bd7 21. e5 dxe5  22. Bxb7 Rb8 23. Ba7 Bc5+ 24. Bxc5 Qxc5+ 25. Kh1 exf5 26. Nd5 Ne4 27. Qb4 O-O  28. Ne7+ Kh8 29. Qxc5 Nxc5 30. Bc6 Be6 31. Rbe1 f6 32. Nxf5 Rfc8 33. Bf3 0-1

[Event "SUNWAY"]
[Date "2016.12.16"]
[Round "1.10"]
[White "Van Foreest, Jorden"]
[Black "Movileanu, Daniela"]
[Result "1-0"]
[WhiteElo "2605"]
[BlackElo "2231"]
[ECO "B51"]
[WhiteFed "NED"]
[BlackFed "ITA"]
[FCGameId "1340837117"]
[TimeControl "5400+30"]

1. e4 c5 2. Nf3 d6 3. Bb5+ Nd7 4. d4 cxd4 5. Qxd4 e5 6. Qd3 h6 7. O-O a6 8. Bxd7+ Bxd7 9. a4 Nf6 10. c4 Rc8 11. Nc3 Be7 12. Be3 O-O 13. a5 Qc7 14. b3 Be6 15. Rfc1 Ng4 16. Bb6 Qd7 17. Nd5 f5 18. Rd1 fxe4 19. Qxe4 Bf5 20. Nxe7+ Qxe7 21. Qd5+ Kh7 22. Qxd6 Qf7 23. h3 Nf6 24. Nxe5 Qe8 25. Re1 Ne4 26. Qd5 Ng5 27. f4 Ne6 28. Nd7 Rf7 29. Nc5 1-0

[Event "SUNWAY"]
[Date "2016.12.16"]
[Round "1.11"]
[White "Pranav Anand"]
[Black "Vorobiov, Evgeny E."]
[Result "0-1"]
[WhiteElo "2230"]
[BlackElo "2583"]
[ECO "B30"]
[WhiteFed "IND"]
[BlackFed "RUS"]
[FCGameId "1201938146"]
[TimeControl "5400+30"]

1. e4 c5 2. Nf3 Nc6 3. Bb5 e6 4. Bxc6 bxc6 5. d3 Ne7 6. O-O Ng6 7. e5 f6 8. exf6 gxf6 9. Re1 Kf7 10. b3 d5 11. Bb2 Rg8 12. Nbd2 Bd6 13. Nf1 e5 14. Ng3 Nf4 15. Bc1 Qd7 16. Nh4 Qg4 17. Qxg4 Rxg4 18. Nf3 Bd7 19. h3 Rgg8 20. Nh4 Bf8 21. Be3 a5 22. Kh1 Ne6 23. Ngf5 Nd4 24. Bxd4 cxd4 25. f4 Re8 26. fxe5 Rxe5 27. Nxd4 Rh5 28. Ndf3 Bd6 29. g4 Bxg4 30. hxg4 Rxg4 31. Rg1 Bg3 32. Rad1 Rg6 33. Rd2 Bxh4 34. Rh2 Rgh6 35. Rg4 Bf2 36. Rxh5 Rxh5+ 37. Kg2 Bb6 38. b4 f5 39. Rg5 Rxg5+ 40. Nxg5+ Kf6 41. bxa5 Bxa5 42. Nxh7+ Ke5 43. Kf3 Kd4 44. Ke2 Kc3 45. Kd1 Kb2 46. Ng5 Kxa2 47. Ne6 Bb6 48. d4 Ka3 49. Kd2 Kb4 50. Kd3 Ba7 51. Nd8 Kb5 52. Ne6 Bb8 53. Nd8 Bg3 54. Ne6 f4 55. Ng5 Bh4 56. Nf3 Bf6 57. Nd2 Kb6 58. c4 Kc7 59. cxd5 cxd5 60. Nb3 Kd6 61. Na5 Bg7 62. Nb7+ Ke6 63. Na5 Kf5 64. Nc6 Bf8 65. Na7 Kg4 66. Nb5 f3 67. Nc3 Bh6 68. Nxd5 Kh3 0-1

[Event "SUNWAY"]
[Date "2016.12.16"]
[Round "1.12"]
[White "Peralta, Fernando"]
[Black "Larsen, Karsten"]
[Result "1/2-1/2"]
[WhiteElo "2574"]
[BlackElo "2227"]
[ECO "D35"]
[WhiteFed "ARG"]
[BlackFed "DEN"]
[FCGameId "1947609072"]
[TimeControl "5400+30"]

1. d4 d5 2. c4 e6 3. Nc3 Nf6 4. cxd5 exd5 5. Bg5 Be7 6. e3 c6 7. Qc2 Nbd7 8. Bd3 Nh5 9. Bxe7 Qxe7 10. O-O-O g6 11. Nf3 Nb6 12. h3 Be6 13. Kb1 Nf6 14. Rc1 O-O 15. h4 Nbd7 16. Ng5 Kg7 17. Ne2 Rac8 18. Nf4 c5 19. h5 c4 20. Bxg6 hxg6 21. Ngxe6+ fxe6 22. h6+ Kg8 23. Qxg6+ Kh8 24. Qg7+ Qxg7 25. hxg7+ Kxg7 26. Nxe6+ Kg6 27. Nxf8+ Rxf8 28. f3 Re8 29. Rce1 Nb8 30. Kc2 Nc6 31. Kd2 b5 32. g4 a5 33. a3 Nd8 34. Reg1 Nf7 35. Ke2 Ng5 36. Rh2 Rc8 37. Rc1 Rb8 38. f4 Nf7 39. Kf3 b4 40. axb4 Rxb4 41. Ra1 a4 42. Ra2 Ne4 43. f5+ Kf6 44. Kf4 Neg5 45. Rh5 Ne4 46. Rh2 Neg5 47. Rh5 Ne4 48. Rh1 Neg5 49. Rha1 Kg7 50. Rxa4 Rxb2 51. R4a2 Rb3 52. Ra3 Rb2 53. R3a2 Rb3 54. Ra3 Rb2 55. R3a2 Ne4 {-error}  1/2-1/2

[Event "SUNWAY"]
[Date "2016.12.16"]
[Round "1.13"]
[White "Matta, Vinay Kumar"]
[Black "Epishin, Vladimir"]
[Result "0-1"]
[WhiteElo "2227"]
[BlackElo "2571"]
[ECO "B06"]
[WhiteFed "IND"]
[BlackFed "RUS"]
[FCGameId "1263166779"]
[TimeControl "5400+30"]

1. e4 g6 2. d4 Bg7 3. Nc3 b6 4. Nf3 Bb7 5. Bc4 e6 6. h4 h6 7. Bf4 d6 8. a4 Ne7 9. Qd2 a6 10. O-O Nd7 11. Rfe1 Nf6 12. Bd3 Kf8 13. Ra3 Kg8 14. Nd1 Kh7 15. c4 Rf8 16. b4 Nh5 17. Bh2 f5 18. exf5 Nxf5 19. Bxf5 exf5 20. d5 b5 21. cxb5 axb5 22. a5 Nf6 23. Nc3 Re8 24. Nxb5 Rxe1+ 25. Nxe1 Bxd5 26. Nc3 Bc4 27. Nf3 Qe8 28. Bf4 Ng4 29. Ra1 Ne5 30. Re1 Nxf3+ 31. gxf3 Qf7 32. Nd1 g5 33. hxg5 hxg5 34. Bxg5 Rg8 35. f4 Bf6 36. Re3 Bxg5 37. fxg5 f4 38. Rh3+ Kg6 39. Nb2 Qf5 40. Qc3 Qxg5+ 41. Kh2 Bf1 42. Qc2+ Kf6 43. Qc3+ Kf7 44. Qxc7+ Ke6 0-1

[Event "SUNWAY"]
[Date "2016.12.16"]
[Round "1.14"]
[White "Lopez Martinez, Josep Manuel"]
[Black "Ashwath, R."]
[Result "1-0"]
[WhiteElo "2552"]
[BlackElo "2227"]
[ECO "B36"]
[WhiteFed "ESP"]
[BlackFed "IND"]
[FCGameId "-810416423"]
[TimeControl "5400+30"]

1. e4 c5 2. Nf3 Nc6 3. d4 cxd4 4. Nxd4 g6 5. c4 Nf6 6. Nc3 Nxd4 7. Qxd4 d6 8. f3  Bg7 9. Be3 O-O 10. Qd2 a5 11. Na4 Nd7 12. Rd1 b6 13. b3 Qc7 14. Be2 Nc5 15. Nc3 Be6 16. O-O Rfc8 17. Kh1 Qd8 18. Bd4 Bxd4 19. Qxd4 f6 20. f4 Qd7 21. Qe3 Qe8 22. Bf3 Rab8 23. e5 dxe5 24. fxe5 f5 25. h3 a4 26. Nb5 Bd7 27. Nd4 e6 28. Rf2 Rc7 29. Rfd2 axb3 30. axb3 Ra7 31. b4 Na4 32. Qb3 Rc8 33. Nb5 Bxb5 34. cxb5 Rc3 35. Qa2 Qf7 36. Bc6 Nc5 37. bxc5 Rxa2 38. Rxa2 Rxc5 39. Ra8+ Kg7 40. Rd7 Qxd7 41. Bxd7 Rxe5 42. Rb8 Rd5 43. Bc6 Rd1+ 44. Kh2 e5 45. Rxb6 e4 46. Rb8 Kf7 47. b6 e3 48. Bf3 Rb1 49. b7 Rb2 50. Rh8 1-0

[Event "SUNWAY"]
[Date "2016.12.16"]
[Round "1.15"]
[White "Bifulco, Michel"]
[Black "Sunilduth Lyna, Narayanan"]
[Result "1/2-1/2"]
[WhiteElo "2227"]
[BlackElo "2541"]
[ECO "E47"]
[WhiteFed "ITA"]
[BlackFed "IND"]
[FCGameId "2023118642"]
[TimeControl "5400+30"]

1. d4 Nf6 2. c4 e6 3. Nc3 Bb4 4. e3 O-O 5. Bd3 d6 6. Ne2 c5 7. O-O Nc6 8. Ne4  cxd4 9. exd4 Nxe4 10. Bxe4 d5 11. cxd5 exd5 12. Bf3 Bf5 13. Qb3 Bd6 14. Qxd5 Bd3  15. Qg5 Qc7 16. Qh4 Ne7 17. Bg5 Nf5 18. Qh3 h6 19. Bd2 Rae8 20. Rfc1 Qb6 21. Bg4  Qa6 22. Bxf5 Bxf5 23. Qxf5 Rxe2 24. Bc3 Rfe8 25. g3 Qc4 26. Rd1 b5 27. Qd3 Qd5  28. Re1 Rxe1+ 29. Rxe1 Rxe1+ 30. Bxe1 b4 31. b3 a5 32. Bd2 h5 33. h4 Be7 34. Be3  1/2-1/2

[Event "SUNWAY"]
[Date "2016.12.16"]
[Round "1.16"]
[White "Burmakin, Vladimir"]
[Black "Mahalakshmi, M"]
[Result "1-0"]
[WhiteElo "2535"]
[BlackElo "2225"]
[ECO "A06"]
[WhiteFed "RUS"]
[BlackFed "IND"]
[FCGameId "-676028375"]
[TimeControl "5400+30"]

1. Nf3 d5 2. g3 c6 3. Bg2 Bg4 4. c4 e6 5. cxd5 exd5 6. Qb3 Qb6 7. Qc2 Nf6 8. O-O Bd6 9. Nc3 O-O 10. d3 Nbd7 11. e4 Rfe8 12. Be3 Qc7 13. Nd4 dxe4 14. dxe4 Nb6 15. f4 Rad8 16. Kh1 Qc8 17. Nb3 Bb8 18. Bd4 Be6 19. Rad1 Nc4 20. Rfe1 Bg4 21. Rc1 b5 22. Bg1 Bh3 23. Nd4 Bxg2+ 24. Qxg2 a6 25. e5 c5 26. Nf3 Nd7 27. Ne4 Re6 28. b3 Na5 29. Nxc5 Nxc5 30. Rxc5 Rc6 31. Rxc6 Nxc6 32. Ng5 Ne7 33. Qe4 h6 34. Nf3 Qc3 35. Bd4 Qa5 36. Bc5 Nc8 37. e6 fxe6 38. Qxe6+ Kh7 39. b4 Qa3 40. Qb3 Qxb3 41. axb3 Bc7 42. Re6 Bd6 43. Ne5 Bxc5 44. bxc5 a5 45. Ra6 Rd1+ 46. Kg2 Ra1 47. b4 a4 48. Nc6 Re1 49. Ra5 Ne7 50. Nxe7 Rxe7 51. Kf3 Kg6 52. Rxb5 Ra7 53. Rb6+ Kf7 54. c6 Ke6 55. Rb7 Ra6 56. b5 a3 57. f5+ Kf6 58. c7 a2 59. c8=Q a1=Q 60. Qf8+ Ke5 61. Qe7+  {-error} 1-0

[Event "SUNWAY"]
[Date "2016.12.16"]
[Round "1.17"]
[White "Prithu Gupta"]
[Black "Shyam, Sundar M."]
[Result "0-1"]
[WhiteElo "2219"]
[BlackElo "2532"]
[ECO "C54"]
[WhiteFed "IND"]
[BlackFed "IND"]
[FCGameId "1665017690"]
[TimeControl "5400+30"]

1. e4 e5 2. Nf3 Nc6 3. Bc4 Bc5 4. c3 Nf6 5. d3 O-O 6. O-O d5 7. exd5 Nxd5 8. b4  Be7 9. b5 Na5 10. Bxd5 Qxd5 11. c4 Qd8 12. Bd2 c5 13. Qe1 b6 14. Bxa5 bxa5 15.  Qe4 Rb8 16. Nc3 Bb7 17. Qe2 f6 18. Rad1 Qc7 19. Rfe1 Bd6 20. Ne4 Rbd8 21. a4 Be7  22. Nc3 Qd7 23. h3 Rfe8 24. Qe3 Bf8 25. Ne4 Qc8 26. Ned2 Qc7 27. Nb3 Rd7 28.  Nfd2 f5 29. f3 Red8 30. Qxe5 Qxe5 31. Rxe5 Rxd3 32. Ree1 Bc8 33. Kf2 f4 34. Ke2  Re3+ 35. Kf2 Red3 36. Ke2 Bf5 37. Nxa5 Re3+ 38. Kf2 Bc2 39. Nc6 Rd7 40. Nf1 Rxd1  41. Rxd1 Bxd1 42. Nxe3 fxe3+ 43. Kxe3 Bxa4 44. Nxa7 Kf7 45. Kd2 g6 46. Nc8 Bg7  47. Nb6 Bb3 48. Nd7 Ke7 49. Nxc5 Bxc4 50. b6 Be5 51. b7 Bd5 52. Ke3 g5 53. Kd3  h6 54. Ke3 Bc6 55. Kd3 Kd8 56. Kc4 Kc7 57. Kd3 Bd6 58. Ne6+ Kd7 59. Nc5+ Kc7 60.  Ne6+ Kb8 61. Nd8 Bd5 62. Kd4 Ba2 63. Ke4 Bc7 64. Nc6+ Kxb7 65. Ne7 Bb1+ 66. Kd5  Ba2+ 67. Ke4 Bd8 68. Nf5 h5 69. Ng7 h4 70. f4 Kc6 71. fxg5 Bxg5 72. Kf5 Bd8 73.  Ne6 Bxe6+ 74. Kxe6 Bc7 75. Kf5 Kd5 76. Kg4 Bg3 77. Kf3 Kd4 78. Ke2 Ke4 79. Kf1  Ke3 80. Kg1 Ke2 81. Kh1 Bf2 82. Kh2 Kf1 83. Kh1 Bg1 0-1